 Dungeon Crawl Stone Soup version 0.16-a0-670-g3b10be2 (webtiles) character file.

706 RobertPalmer the Covert (level 7, -1/45 HPs)
             Began as an Octopode Assassin on Sept 19, 2014.
             Slain by a centaur (9 damage)
             ... on Level 5 of the Dungeon.
             The game lasted 00:13:02 (6856 turns).

RobertPalmer the Covert (Octopode Assassin)         Turns: 6856, Time: 00:13:03

HP  -1/45        AC  1     Str 10      XL: 7   Next: 67%
MP   7/7         EV 15     Int 13      God:
Gold 199         SH  0     Dex 16      Spells:  0 memorised,  6 levels left

rFire  . . .     SeeInvis .     a - +2 dagger
rCold  . . .     Clarity  .     (no shield)
rNeg   . . .     rCorr    .     (helmet restricted)
rPois  .         rRot     .     (no amulet)
rElec  .         Spirit   .     (no ring)
SustAb .         Warding  .     (no ring)
rMut   .         Stasis   .     (no ring)
Gourm  .                        (no ring)
MR     .....                    (no ring)
                                (no ring)
                                (no ring)
                                (no ring)

@: not resistant to hostile enchantments, very stealthy
A: almost no armour, amphibious, 8 rings, constrict 8, camouflage 1, gelatinous
body 1
a: no special abilities


You were on level 5 of the Dungeon.
You were not hungry.

You visited 1 branch of the dungeon, and saw 5 of its levels.

You collected 199 gold pieces.


Innate Abilities, Weirdness & Mutations

You cannot wear most types of armour.
You are amphibious.
You can wear up to eight rings at the same time.
You can use your tentacles to constrict many enemies at once.
Your skin changes colour to match your surroundings (Stealth).
Your rubbery body absorbs attacks (AC +1).


   Skills:
 - Level 2.0 Fighting
 - Level 2.0 Short Blades
 - Level 2.0 Throwing
 + Level 5.6 Dodging
 - Level 10.0 Stealth


You had 6 spell levels left.
You didn't know any spells.

Inventory:

Hand weapons
 a - a +2 dagger (weapon)
 b - a +0 blowgun
Missiles
 e - 43 poisoned needles
 f - 2 curare-tipped needles
Armour
 m - a +0 buckler
Comestibles
 g - 5 bread rations
 i - 3 meat rations
 s - a beef jerky
 x - 16 fruits
Scrolls
 c - a scroll of amnesia {unknown}
 d - 4 scrolls of teleportation
 h - 2 scrolls of remove curse
 k - a scroll of random uselessness {unknown}
 p - a scroll of noise {unknown}
 u - 2 scrolls of enchant armour {unknown}
 v - a scroll of blinking {unknown}
 y - a scroll of fear {unknown}
Jewellery
 n - an uncursed amulet of guardian spirit {unknown}
 w - a +1 ring of dexterity {unknown}
Potions
 j - 2 potions of curing {unknown}
 l - a potion of degeneration {unknown}
 o - a potion of confusion {unknown}
 q - 2 potions of flight {unknown}
 r - a potion of cure mutation {unknown}
 t - a potion of resistance
 z - a potion of restore abilities {unknown}
 C - 2 potions of porridge

Dungeon Overview and Level Annotations

Branches:
Dungeon (5/15)
 Temple: D:4-7

Altars:
Elyvilon

Shops:
D:4 *

Annotations:
D:3 RobertPalmer's ghost, average OpAs

#.#.# #...# #.#.#
##..# #.#.# #..#
#.#.# #..#
#.#.##########..#
#.#............>#
#.###############
###########.#
#.c.......
............# #@#
################.#
.................#
.#################
.# .# .# #########
.# #.......# .#
#.#####.#


You could see a centaur.


Message History

The centaur hits you.
You hit the centaur. You squeeze the centaur.
The centaur is heavily wounded.
The centaur barely misses you. The centaur hits you.
You hit the centaur but do no damage.
The centaur is heavily wounded.
The centaur closely misses you.
You hit the centaur but do no damage. You squeeze the centaur!
The centaur is almost dead.
The centaur hits you.
You hit the centaur.
The centaur is almost dead.
The centaur hits you.
You closely miss the centaur.
The centaur is almost dead.
The centaur hits you! x2
* * * LOW HITPOINT WARNING * * *
You hit the centaur but do no damage.
The centaur is almost dead.
The centaur hits you!
* * * LOW HITPOINT WARNING * * *
You hit the centaur but do no damage.
The centaur is almost dead.
The centaur barely misses you.
Drink which item? (? for menu, Esc to quit)
Okay, then.
You barely miss the centaur.
The centaur is almost dead.
The centaur hits you!
You die...

Action                   |  1- 3 |  4- 6 |  7- 9 || total
-------------------------+-------+-------+-------++-------
Melee: Dagger            |    59 |   140 |    49 ||   248
 Fire: Blowgun           |     4 |    15 |    10 ||    29
  Use: Scroll            |       |     2 |       ||     2
       Potion            |       |       |     2 ||     2
 Stab: Sleeping          |     9 |    20 |     6 ||    35
       Distracted        |       |     4 |     1 ||     5
  Eat: Chunk             |     3 |    11 |     4 ||    18

Vault maps used:
D:1:      dpeg_arrival_rooms_b, hangedman_abyss_or_decor_lesser_grid
D:2:      minivault_23
D:3:      first_bread, dk_vineyard_3
D:4:      serial_shops, nicolae_shop_overgrown_old_shop, kennysheep_small_circle
D:5:      kennysheep_little_box

Notes
Turn   | Place    | Note
--------------------------------------------------------------
     0 | D:1      | RobertPalmer, the Octopode Assassin, began the quest for the Orb.
     0 | D:1      | Reached XP level 1. HP: 14/14 MP: 1/1
   117 | D:1      | Reached XP level 2. HP: 12/19 MP: 2/2
   120 | D:1      | Reached skill level 6 in Stealth
  1033 | D:1      | Reached XP level 3. HP: 8/24 MP: 3/3
  1246 | D:1      | Reached skill level 7 in Stealth
  1859 | D:2      | Reached XP level 4. HP: 29/29 MP: 4/4
  2289 | D:2      | Reached skill level 8 in Stealth
  2478 | D:3      | Noticed RobertPalmer's ghost (average OpAs)
  3153 | D:3      | Reached XP level 5. HP: 12/34 MP: 5/5
  3641 | D:3      | Reached skill level 9 in Stealth
  4194 | D:3      | Reached XP level 6. HP: 39/39 MP: 6/6
  4556 | D:3      | Reached skill level 10 in Stealth
  4889 | D:4      | Reached skill level 2 in Dodging
  5163 | D:4      | Found Gimamp's Assorted Antiques.
  5298 | D:4      | Reached skill level 3 in Dodging
  5550 | D:4      | Reached skill level 4 in Dodging
  5550 | D:4      | Reached XP level 7. HP: 31/45 MP: 7/7
  5913 | D:4      | Identified 2 potions of resistance
  6194 | D:5      | Entered Level 5 of the Dungeon
  6207 | D:5      | Reached skill level 5 in Dodging
  6689 | D:5      | Found a white marble altar of Elyvilon.
  6856 | D:5      | Slain by a centaur

Vanquished Creatures
  4 scorpions (D:4)
  A crimson imp (D:5)
  An orc wizard (D:5)
  An orc priest (D:3)
  2 hounds
  2 iguanas
  3 worker ants (D:4)
  5 gnolls
  4 adders
  3 giant mites (D:4)
  3 worms
  An adder zombie (D:5)
  4 giant geckos
  14 orcs
  10 bats
  4 giant cockroaches
  7 hobgoblins
  4 jackals
  A ball python (D:2)
  A ball python skeleton (D:4)
  8 giant newts
  12 goblins
  A hobgoblin zombie (D:5)
  15 kobolds
  17 rats
128 creatures vanquished.
